 Dungeon Crawl Stone Soup version 0.28-a0-1510-gd0f6b136d3 (webtiles) character file.

Game seed: 15105591162110658242

12 murtidash the Sneak (level 2, -2/26 (27) HPs)
             Began as a Hill Orc Delver on Jan 14, 2022.
             Was an Initiate of Beogh.
             Slain by a +0 dagger (5 damage)
             ... on level 4 of the Dungeon.
             The game lasted 00:04:01 (568 turns).

murtidash the Sneak (Hill Orc Delver)                Turns: 568, Time: 00:04:02

HP:   -2/26 (27)    AC:  3    Str: 14    XL:     2   Next: 33%
MP:   2/2           EV: 11    Int: 10    God:    Beogh [......]
Gold: 3             SH:  0    Dex: 16    Spells: 1/1 levels left

rFire   . . .      SeeInvis .   h - +9 spear of Change {spect, Contam rC+++ rN+ Dex+4}
rCold   + + +      Faith    .   (no shield)
rNeg    + . .      Spirit   .   b - +0 leather armour
rPois   .          Reflect  .   (no helmet)
rElec   .          Harm     .   (no cloak)
rCorr   .          Rampage  .   (no gloves)
Will    .....                   (no boots)
Stlth   ++........              (no amulet)
HPRegen 0.08/turn               (no ring)
MPRegen 0.08/turn               (no ring)

@: lightly drained
A: no striking features
a: Renounce Religion


You were on level 4 of the Dungeon.
You worshipped Beogh.
Beogh was noncommittal.
You visited 1 branch of the dungeon, and saw 3 of its levels.

You collected 3 gold pieces.

Inventory:

Hand Weapons
 a - a +0 hand axe
 h - the +9 spear of Change (weapon) {spect, Contam rC+++ rN+ Dex+4}
   (You found it on level 5 of the Dungeon)

   When its wielder attacks, the weapon's spirit leaps out and strikes again.
   The spirit shares a part of any damage it takes with its wielder.
   Dex:       It affects your dexterity (+4).
   rC:        It renders you almost immune to cold.
   rN:        It protects you from negative energy.
   Contam:    It causes magical contamination when unequipped.
Armour
 b - a +0 leather armour (worn)
Scrolls
 c - a scroll of fog
Potions
 i - 2 potions of resistance {unknown}


   Skills:
 + Level 4.1 Fighting
 - Level 2.6(3.0) Axes
 + Level 1.3(2.0) Polearms
 - Level 1.5 Dodging
 - Level 4.1 Stealth


You had one spell level left.
You didn't know any spells.
Your spell library was empty.

Dungeon Overview and Level Annotations

Branches:
Dungeon (6/15)
 Temple: D:4-7

Altars:
Uskayaw


Message History

The howler monkey hoots and howls with incredible vigour!
You hear an angry hiss.
A hobgoblin comes into view.
The hobgoblin shouts!
You feel yourself slow down.
The hobgoblin hits you but does no damage.
The hobgoblin barely misses you.
The howler monkey hoots and howls with incredible vigour!
The howler monkey hoots and howls with incredible vigour!
An adder zombie comes into view.
The howler monkey hoots and howls with incredible vigour!
You hear an angry hiss. x2; You hear an angry growl.
Found a hide-covered altar of Uskayaw.
The howler monkey hoots and howls with incredible vigour!
You hear an angry hiss.
The hobgoblin barely misses you.
The howler monkey hoots and howls with incredible vigour!
The giant cockroach completely misses you.
The giant cockroach barely misses you.
The giant cockroach bites you but does no damage.
The howler monkey hoots and howls with incredible vigour!
The howler monkey hoots and howls with incredible vigour!
The giant cockroach closely misses you. The adder zombie bites you.
You take 2 damage, and have 17/26 hp.
The giant cockroach bites you but does no damage.
The giant cockroach waves its antennae.
The giant cockroach closely misses you. The giant cockroach bites you.
You take 2 damage, and have 16/26 hp.
The giant cockroach barely misses you.
An adder comes into view.
The adder moves out of view.
The giant cockroach bites you but does no damage.
Found a stone staircase leading down.
The giant cockroach closely misses you.
The adder hisses angrily.
A black bear comes into view.
The adder bites you.
You take 3 damage, and have 15/26 hp.
The black bear growls angrily.
The giant cockroach closely misses you.
The giant cockroach bites you but does no damage. 3 gnolls come into view.
A gnoll comes into view. It is wielding a +0 flail.
The gnoll shouts! x2; You hear a howl!
The giant cockroach misses you.
A howler monkey comes into view.
The howler monkey hoots and howls with incredible vigour!
You hear an angry hiss.
The giant cockroach bites you but does no damage.
Okay, then.
Unknown command.
Okay, then.
Unknown command.
The howler monkey hoots and howls with incredible vigour!
You hear a shout!
A rock wall.
The rock shatters into small pieces.
The giant cockroach barely misses you.
The howler monkey hoots and howls with incredible vigour!
The adder misses you.
The giant cockroach bites you but does no damage.
The adder bites you.
You take 2 damage, and have 14/26 hp.
The adder barely misses you.
The howler monkey hoots and howls with incredible vigour!
A rock wall.
The rock shatters into small pieces.
The adder bites you.
You are poisoned.
The adder poisons you!
You take 1 damage, and have 14/26 hp.
You feel sick. The adder bites you.
You take 2 damage, and have 12/26 hp.
You feel sick.
You take 1 damage, and have 11/26 hp.
You feel sick.
You take 1 damage, and have 10/26 hp.
You feel sick. The adder bites you but does no damage.
You take 1 damage, and have 9/26 hp.
You feel sick.
You are no longer poisoned.
You take 1 damage, and have 8/26 hp.
A rock wall.
The rock shatters into small pieces.
The now-empty wand crumbles to dust.
The adder closely misses you.
The giant cockroach waves its antennae.
The adder bites you.
* * * LOW HITPOINT WARNING * * *
You take 1 damage, and have 7/26 hp.
The +0 dagger hits you.
* * * LOW HITPOINT WARNING * * *
You take 1 damage, and have 6/26 hp.
Here: a +0 dagger The floor.
Unknown command.
You miss the +0 dagger. The +0 dagger hits you.
* * * LOW HITPOINT WARNING * * *
The adder bites you.
* * * LOW HITPOINT WARNING * * *
The +0 dagger hits you.
You die...

##.....###
#.#.# #.h..
#.g._....###
#...# #....
#Z.........#
##..# #..g.
#.###.#....#
... #.hZ.
#h#........#
...# ##gg.
#.#...#....#
##.# ##.#..
#.#####....#
##g####
#.......#(##
##.##
##########@##
##.##
##S#######.##
#.gB.g..g##
#######.##
###


You could see a +0 dagger, a gnoll, an adder and a giant cockroach.

Vanquished Creatures
  An adder (D:5)
  A goblin (D:4)
  A kobold (D:4)
  A quokka skeleton (D:4)
4 creatures vanquished.

Vanquished Creatures (others)
  An orc priest (D:5)
  An orc (D:5)
2 creatures vanquished.

Grand Total: 6 creatures vanquished

Notes
Turn   | Place    | Note
-------+----------+-------------------------------------------
     0 | D:5      | murtidash the Hill Orc Delver began the quest for the Orb.
     0 | D:5      | Reached XP level 1. HP: 19/19 MP: 1/1
     0 | D:5      | Identified the +9 spear of Change {spect, Contam rC+++ rN+
                  | Dex+4}
    10 | D:5      | Noticed a hound
    10 | D:5      | Noticed an orc priest
    13 | D:5      | Became a worshipper of Beogh the Brigand
    34 | D:5      | Killed an orc priest
    54 | D:5      | Noticed a jelly
    58 | D:5      | Noticed a sky beast
   112 | D:5      | Reached skill level 4 in Fighting
   112 | D:5      | Reached skill level 1 in Polearms
   112 | D:5      | Reached XP level 2. HP: 15/27 MP: 2/2
   330 | D:4      | Noticed a wight
   352 | D:4      | Noticed a howler monkey
   399 | D:4      | Noticed a phantom
   470 | D:4      | Found a hide-covered altar of Uskayaw.
   473 | D:4      | Noticed a +0 dagger
   474 | D:4      | Noticed a +0 hand axe
   531 | D:4      | Noticed a black bear
   542 | D:4      | Noticed a howler monkey
   568 | D:4      | HP: 4/26 [+0 dagger (3)]
   568 | D:4      | Slain by a +0 dagger

Illustrated notes

Levels and vault maps discovered:
D:4:      layout_rooms, dancing_weapons_uskayaw, minmay_manual_monolith
D:5:      layout_basic, chequers_ossuary_entry_cave
D:6:      layout_basic, mainiacjoe_overflow_catch_the_wave,
          kennysheep_opposing_triangles, uniq_grinder

Skill      XL: |  1 |
---------------+----+-----
Fighting       | 4 |  4.1
Polearms       | 1 |  1.3
Axes           | |  2.6
Dodging        | |  1.5
Stealth        | |  4.1

Action                   || total
-------------------------++-------
Melee: Spear             ||     9
Invok: Convert to Beogh  ||     1
Evoke: Wand              ||     3
  Use: Scroll            ||     2
       Potion            ||     1
Armor: Leather armour    ||     9
Dodge: Dodged            ||    23

Table legend: (Time is in decaauts)
 A = Elapsed time spent in this place.
 B = Non-inter-level travel time spent in this place.
 C = Inter-level travel time spent in this place.
 D = Time resting spent in this place.
 E = Time spent auto-exploring this place.
 F = Levels seen in this place.
 G = Mean time per level.
                   A        B        C        D        E       F      G
               +--------+--------+--------+--------+--------+-----+--------+
         Total |    548 |    548 |      0 |    164 |      0 |   3 |  182.7 |
       Dungeon |    548 |    548 |      0 |    164 |      0 |   3 |  182.7 |
               +--------+--------+--------+--------+--------+-----+--------+

Top non-repeatable levels by time:
     D:4: 413 daAuts
     D:5: 132 daAuts
     D:6: 2 daAuts

Table legend:
 A = Kills in this place as a percentage of kills in entire the game.
 B = Kills by you in this place as a percentage of kills by you in the entire game.
 C = Kills by friends in this place as a percentage of kills by friends in the entire game.
 D = Other kills in this place as a percentage of other kills in the entire game.
 E = Experience gained in this place as a percentage of experience gained in the entire game.
 F = Experience gained in this place divided by the number of levels of this place that you have seen.
                   A       B       C       D       E      F
               +-------+-------+-------+-------+-------+----------------------
         Total | 100.0 | 100.0 |   N/A |   N/A | 100.0 |   6.0
       Dungeon | 100.0 | 100.0 |   N/A |   N/A | 100.0 |   6.0
               +-------+-------+-------+-------+-------+----------------------
